 Dungeon Crawl Stone Soup version 0.27.0-1-g7a089689b8 (webtiles) character file.

Game seed: 4236492465991196622

65 Spaninq the Magician (level 3, -1/19 HPs)
             Began as a Vampire Hedge Wizard on Aug 8, 2021.
             Was an Initiate of Gozag.
             Slain by Natasha (6 damage)
             ... on level 3 of the Dungeon.
             The game lasted 00:08:30 (3035 turns).

Spaninq the Magician (Vampire Hedge Wizard)         Turns: 3035, Time: 00:08:31

Health: -1/19      AC:  2    Str:  9    XL:     3   Next: 92%
Magic:  7/7        EV: 12    Int: 17    God:    Gozag
Gold:   315        SH:  0    Dex: 13    Spells: 2/8 levels left

rFire    . . .     SeeInvis +   f - +8 quick blade
rCold    + + .     Faith    .   (no shield)
rNeg     + + +     Spirit   .   b - +0 robe
rPois    ∞         Reflect  .   c - +0 hat
rElec    .         Harm     .   (no cloak)
rCorr    .         Rampage  .   (no gloves)
Will     .....                  (no boots)
Stlth    ++++......             (no amulet)
HPRegen  0.00/turn              (no ring)
MPRegen  0.10/turn              (no ring)

@: bloodless, inhibited regen
A: bloodless, fangs 3, see invisible, vampiric 2
a: Bat Form, Revivify, Renounce Religion, Potion Petition, Call Merchant, Bribe
Branch


You were on level 3 of the Dungeon.
You worshipped Gozag.
Gozag was aware of your devotion.
You visited 1 branch of the dungeon, and saw 3 of its levels.

You collected 315 gold pieces.

Inventory:

Hand Weapons
 a - a +0 dagger
 f - a +8 quick blade (weapon)
Armour
 b - a +0 robe (worn)
 c - a +0 hat (worn)
Jewellery
 e - an amulet of regeneration
 h - a ring of fire
Scrolls
 d - a scroll of amnesia
Potions
 g - a potion of resistance {unknown}


   Skills:
 + Level 0.2 Fighting
 * Level 0.7 Short Blades
 - Level 2.1 Dodging
 - Level 3.0 Stealth
 - Level 3.4 Spellcasting
 - Level 1.9 Conjurations
 - Level 1.0 Summonings
 - Level 0.7 Translocations
 - Level 0.9 Air Magic
 - Level 0.6 Poison Magic


You had 2 spell levels left.
You knew the following spells:

 Your Spells              Type           Power      Damage    Failure   Level
a - Magic Dart            Conj           36%        1d4       8%          1
b - Blink                 Tloc           N/A        N/A       19%         2
c - Mephitic Cloud        Conj/Pois/Air  6%         N/A       30%         3

Your spell library contained the following spells:

 Spells                   Type           Power      Damage    Failure   Level
 Summon Small Mammal      Summ           24%        N/A       11%         1
 Call Imp                 Summ           6%         N/A       17%         2
 Slow                     Hex            2%         N/A       26%         2
 Call Canine Familiar     Summ           6%         N/A       32%         3
 Conjure Flame            Conj/Fire      6%         6-21      32%         3
 Summon Guardian Golem    Hex/Summ       4%         N/A       38%         3


Dungeon Overview and Level Annotations

Branches:
Dungeon (3/15)

Altars:
Gozag
Uskayaw

Annotations:
D:2 Crazy Yiuf
D:3 Natasha


Innate Abilities, Weirdness & Mutations

You do not regenerate when monsters are visible.
You are frail without blood (-20% HP).
You can heal yourself when you bite living creatures.
You are immune to poison.
You have razor-sharp teeth.
You have supernaturally acute eyesight. (SInv)
You are afflicted with vampirism and can become a bat while bloodless.


Message History

h - a ring of fire A bat comes into view.
The helpless bat fails to defend itself.
You bite the bat, and draw its blood! You puncture the bat!
You kill the bat!
You now have 307 gold pieces (gained 5).
A kobold comes into view. It is wielding a +0 whip.
The kobold shouts!
You hit the kobold.
You kill the kobold!
You now have 315 gold pieces (gained 8).
You see here a +0 whip.
An orc priest comes into view. It is wielding a +0 hand axe.
You see here a +0 whip.
As you read the scroll labelled DON MEZIGG, it crumbles to dust.
You feel strangely unstable.
It was a scroll of teleportation.
As you read the scroll labelled EHASUNECUN, it crumbles to dust.
It is a scroll of enchant weapon.
Your +7 quick blade glows red for a moment.
Your surroundings suddenly seem different.
Found a scroll of teleportation. 2 orcs, 2 orc priests and Natasha come into view.
An orc priest is wielding a +0 dagger of holy wrath.
The helpless Natasha fails to defend herself.
You bite Natasha, and draw her blood! You puncture Natasha!
Your bite misses Natasha.
Natasha is severely wounded.
The orc shouts!
The orc priest shouts!
The orc shouts!
The orc priest shouts!
You completely miss Natasha.
Natasha is severely wounded.
The orc priest invokes the aid of Beogh against you.
Beogh smites you!
Ouch! That really hurt!
* * * LOW HITPOINT WARNING * * *
Natasha mumbles some strange words.
You hit Natasha.
Natasha is almost dead.
Natasha claws you.
You die...
Your body crumbles into a pile of gold.

#####. .#
.....#.
##.#.#.#
.....? ###
....######
#...#.........
#..oh.o.####
#.5.@oo.....
#.......####
###...#.#
....# # ######


You could see 2 orc priests, Natasha, a crimson imp (summoned) and 2 orcs.

Vanquished Creatures
  2 adders
  A worm (D:2)
  5 endoplasms (D:2)
  5 giant cockroaches
  A goblin (D:2)
  4 hobgoblins (D:2)
  4 jackals (D:1)
  8 kobolds
  2 bats
  A frilled lizard (D:1)
  6 rats
39 creatures vanquished.

Vanquished Creatures (others)
  16 plants (D:3)
16 creatures vanquished.

Grand Total: 55 creatures vanquished

Notes
Turn   | Place    | Note
-------+----------+-------------------------------------------
     0 | D:1      | Spaninq the Vampire Hedge Wizard began the quest for the
                  | Orb.
     0 | D:1      | Reached XP level 1. HP: 13/13 MP: 4/4
   165 | D:1      | Found a faded altar of an unknown god.
   175 | D:1      | Became a worshipper of Gozag Ym Sagoz the Greedy
   216 | D:1      | Reached skill level 1 in Conjurations
   328 | D:1      | Reached XP level 2. HP: 10/15 MP: 0/6
   718 | D:1      | Learned a level 2 spell: Blink
  1186 | D:2      | Gained mutation: You are afflicted with vampirism and can
                  | become a bat while bloodless. [Vampire growth]
  1186 | D:2      | Reached XP level 3. HP: 19/19 MP: 1/7
  1249 | D:2      | Learned a level 3 spell: Mephitic Cloud
  1794 | D:2      | Found a runed translucent door.
  1795 | D:2      | Noticed Crazy Yiuf
  2255 | D:2      | Identified a scroll of acquirement
  2255 | D:2      | Acquired a +7 quick blade
  2911 | D:3      | Found a hide-covered altar of Uskayaw.
  3033 | D:3      | Noticed Natasha
  3035 | D:3      | Slain by Natasha

Illustrated notes

Levels and vault maps discovered:
D:1:      saegor_arrival_miasma, layout_basic,
          hellmonk_ecumenical_altar_zigzags, serial_glass, glass_columns_c,
          glass_columns_a
D:2:      minmay_alternating_diamond, layout_loops_ring, minmay_3d_cube,
          uniq_crazy_yiuf_cottage
D:3:      layout_loops_ring, mainiacjoe_overflow_concentric_impassable,
          serial_bayou_lagoon_a, uniq_natasha, uniq_ijyb, uniq_terence

Skill      XL: |  1 |
---------------+----+-----
Conjurations   | 1 |  1.9
Fighting       | |  0.2
Short Blades   | |  0.7
Dodging        | |  2.1
Stealth        | |  3.0
Spellcasting   | |  3.4
Summonings     | |  1.0
Translocations | |  0.7
Air Magic      | |  0.9
Poison Magic   | |  0.6

Action                   || total
-------------------------++-------
Melee: Dagger            ||    22
       Bite              ||     1
       Quick blade       ||    15
 Cast: Magic Dart        ||    91
 Abil: Exsanguinate      ||     1
  Use: Scroll            ||     8
 Stab: Sleeping          ||     5
Armor: Robe              ||     8
Dodge: Dodged            ||    35
